Map: Hecate LE

Players

SubN - Winner!

  • Race: Zerg Zerg
  • League: Diamond
  • Spawn Location: 7:00

Frijoles

  • Race: Zerg Zerg
  • League: Diamond
  • Spawn Location: 1:00

VOD

Have the link to the VOD?

Description

Time

  • Played on: Jan. 12, 2024, 7:19 p.m.
  • Length: 8:42
Show
View Real Time Build Order
Export as new Build Order

SubN Zerg - Winner!

Build Orders: Pool First 

Get SALT Encoding   

  12  0:00  Drone  
  13  0:12  Overlord  
  13  0:18  Drone  
  14  0:30  Drone x2  
  14  0:34  Drone  
  17  0:45  Extractor  
  17  0:46  Spawning Pool  
  17  0:49  Drone  
  16  1:11  Hatchery  
  16  1:15  Drone  
  16  1:19  Drone  
  16  1:23  Drone  
  18  1:30  Drone  
  19  1:38  Queen  
  21  1:46  Metabolic Boost  
  21  1:50  Zergling x2  
  22  2:23  Hatchery  
  22  2:29  Drone  
  22  2:30  Drone x2  
  22  2:31  Drone  
  25  2:46  Drone  
  25  2:47  Drone x2  
  25  2:51  Lair  
  28  2:55  Overlord  
  28  2:59  Overlord  
  28  3:13  Queen  
  28  3:16  Spine Crawler  
  28  3:17  Zergling x10  
  34  3:24  Zergling x2  
  34  3:25  Zergling x4  
  37  3:40  Queen  
  39  3:42  Drone x4  
  42  3:49  Drone x2  
  42  3:50  Queen  
  46  3:58  Roach Warren  
  45  4:07  Drone  
  45  4:08  Drone x4  
  50  4:11  Extractor x2  
  50  4:15  Drone x2  
  48  4:28  Zergling x2  
  48  4:29  Zergling x2  
  48  4:30  Overlord x3  
  48  4:31  Overlord  
  50  4:43  Overlord  
  50  4:44  Overlord x2  
  50  4:56  Drone x3  
  50  4:57  Drone x2  
  55  5:03  Drone x2  
  55  5:04  Drone  
  58  5:07  Drone  
  58  5:08  Drone x2, Extractor  
  60  5:17  Drone x2  
  60  5:18  Drone  
  60  5:19  Drone x2, Evolution Chamber  
  60  5:20  Evolution Chamber, Queen  
  65  5:27  Overseer  
  65  5:31  Drone x8  
  73  5:47  Glial Reconstitution, Zerg Missile Weapons Level 1  
  73  5:55  Zerg Ground Armor Level 1  
  73  5:56  Drone x2, Extractor  
  73  5:57  Drone, Extractor  
  75  5:58  Drone x4  
  75  6:00  Drone x2  
  75  6:01  Drone  
  81  6:10  Drone  
  82  6:12  Drone x3  
  85  6:19  Roach  
  85  6:20  Roach x2  
  89  6:37  Queen  
  88  6:53  Hatchery  
  88  6:54  Roach x5  
  89  6:58  Overlord x4  
  89  6:59  Overlord x4  
  97  7:17  Drone x2  
  97  7:21  Roach x8  
  97  7:22  Roach x2  
  119  7:35  Roach x4  
  119  7:36  Roach x2  
  126  7:47  Roach  
  126  7:48  Roach x4  
  126  7:50  Ravager x7  
  143  8:00  Overlord x3  
  143  8:01  Roach  
  143  8:02  Roach x4  
  153  8:06  Zergling x8  
  158  8:12  Roach  
  158  8:13  Roach  
  162  8:20  Overlord x2  
  162  8:23  Drone  
Show
View Real Time Build Order
Export as new Build Order

Frijoles Zerg 

Build Orders: Hatch First 

Get SALT Encoding   

  12  0:00  Drone  
  13  0:13  Overlord  
  13  0:17  Drone  
  14  0:31  Drone x2  
  16  0:35  Drone  
  17  0:52  Hatchery  
  17  0:55  Drone  
  17  0:58  Drone  
  18  1:09  Extractor  
  17  1:13  Spawning Pool  
  16  1:19  Drone x2  
  18  1:28  Drone  
  19  1:39  Drone  
  20  1:50  Overlord  
  20  2:00  Queen  
  22  2:03  Queen  
  22  2:04  Zergling x2  
  22  2:05  Zergling x2  
  26  2:13  Drone  
  27  2:20  Zergling x2  
  28  2:23  Drone  
  28  2:25  Metabolic Boost  
  28  2:29  Drone  
  30  2:45  Drone x3  
  30  2:47  Hatchery  
  32  2:52  Zergling x2  
  32  2:55  Drone  
  34  2:59  Drone  
  35  3:06  Drone  
  36  3:14  Overlord  
  36  3:27  Overlord  
  36  3:28  Overlord  
  36  3:30  Lair  
  36  3:31  Queen  
  37  3:43  Zergling x12  
  41  3:53  Evolution Chamber  
  41  3:54  Evolution Chamber  
  39  3:56  Roach Warren  
  39  3:58  Spine Crawler  
  39  4:02  Zergling x8  
  40  4:07  Queen  
  42  4:15  Drone  
  42  4:16  Drone x5  
  47  4:30  Drone x2  
  49  4:45  Roach  
  51  4:46  Roach  
  51  4:50  Roach  
  55  5:02  Overlord  
  55  5:03  Overlord x3  
  55  5:05  Hatchery  
  54  5:13  Overlord x4  
  54  5:17  Extractor  
  54  5:18  Extractor  
  52  5:22  Drone  
  52  5:23  Drone x3  
  56  5:34  Roach x2  
  60  5:44  Overseer  
  60  5:48  Hatchery  
  59  5:55  Roach  
  61  5:57  Drone  
  61  5:58  Drone x4  
  66  6:08  Roach  
  68  6:14  Drone  
  68  6:15  Drone x4  
  73  6:32  Roach  
  74  6:33  Roach x2  
  71  6:40  Roach  
  72  6:49  Queen x3  
  78  7:02  Drone  
  78  7:03  Drone x12  
  91  7:10  Queen  
  93  7:24  Queen  
  93  7:25  Queen  
  93  7:26  Hatchery, Extractor  
  83  7:42  Roach x2  
  83  7:43  Roach x4  
  91  8:00  Drone  
  91  8:01  Drone x11  
  103  8:08  Extractor  
  103  8:11  Roach  
  103  8:12  Roach x4  
Tags
 
Add a new tag
Caveats
  • Supply blocks, unpowered buildings, or Contaminate may cause inaccurate times.
  • Supply counts are checked every 10 seconds.